 Dungeon Crawl Stone Soup version 0.31.0-12-g77e489cdc1 (webtiles) character file.

Game seed: 11193389570711486799

706 spaghetti the Shooter (level 7, -6/60 HPs)
             Began as a Naga Hunter on Feb 18, 2024.
             Was a High Priest of Jiyva.
             Mangled by Duvessa
             ... wielding a +0 short sword
              (10 damage)
             ... on level 6 of the Dungeon.
             The game lasted 00:03:38 (4342 turns).

spaghetti the Shooter (Naga Hunter)                 Turns: 4342, Time: 00:03:39

Health: -6/60      AC:  4    Str: 13    XL:     7   Next: 67%
Magic:  7/7        EV:  5    Int: 10    God:    Jiyva [*****.]
Gold:   174        SH: 25    Dex: 20    Spells: 6/6 levels left

rFire   . . .        b - +6 war axe "Zezyfej" {freeze, rCorr}
rCold   . . .        k - +5 tower shield of Bukuj {Fly Will+ Dex+4}
rNeg    . . .        c - +1 leather armour
rPois   +            (no helmet)
rElec   .            (no cloak)
rCorr   +            (no gloves)
SInv    +            (no barding)
Will    +....        e - amulet of reflection
Stlth   +++          (no ring)
HPRegen 1.74/turn    (no ring)
MPRegen 0.82/turn

%: reflection, clarity
@: about to teleport, flying, very slow
A: AC +2, large, see invisible, deformed body, poison resistance, slowness 2,
spit poison 1, naga tail 1, clarity, pseudopods 1, translucent skin 2, jelly
absorbing missiles, noise suppression
a: Spit Poison, Renounce Religion, Oozemancy, Slimify


You were on level 6 of the Dungeon.
You worshipped Jiyva.
Jiyva was extremely pleased with you.
You visited 1 branch of the dungeon, and saw 6 of its levels.

You collected 174 gold pieces.

Inventory:

Hand Weapons
 a - a +0 heavy shortbow
 b - the +6 war axe "Zezyfej" (weapon) {freeze, rCorr}
   (You found it on level 2 of the Dungeon)

   rCorr:     It protects you from acid and corrosion.
Armour
 c - a +1 leather armour (worn)
 k - the +5 tower shield of Bukuj (worn) {Fly Will+ Dex+4}
   (You found it on level 5 of the Dungeon)

   Dex+4:     It affects your dexterity (+4).
   Will+:     It increases your willpower.
   Fly:       It grants you flight.
Jewellery
 d - a ring of flight
 e - an amulet of reflection (around neck)
 g - a ring of protection from cold
Wands
 f - a wand of roots (6)
Scrolls
 h - a scroll of butterflies
 l - a scroll of blinking {unknown}
 n - a scroll of identify {unknown}


   Skills:
 - Level 2.0 Fighting
 - Level 6.9 Ranged Weapons
 - Level 1.5 Dodging
 - Level 1.5 Stealth
 + Level 4.4 Shields


You had 6 spell levels left.
You didn't know any spells.
Your spell library contained the following spells:

 Spells                   Type           Power      Damage    Failure   Level
 Kiss of Death            Conj/Necr      0%         2d5       100%        1
 Sandblast                Erth           0%         2d4       100%        1
 Ensorcelled Hibernation  Hex/Ice        0%         N/A       100%        2
 Confusing Touch          Hex            0%         N/A       100%        3
 Gell's Gravitas          Tloc           0%         N/A       100%        3
 Passwall                 Erth           0%         N/A       100%        3
 Stone Arrow              Conj/Erth      0%         3d7       100%        3
 Swiftness                Air            0%         N/A       100%        3
 Teleport Other           Tloc           0%         N/A       100%        3
 Brom's Barrelling Bould  Conj/Erth      0%         2d3       100%        4
 Dispel Undead            Necr           0%         3d6       100%        4
 Dispersal                Tloc           0%         N/A       100%        6


Dungeon Overview and Level Annotations

Branches:
Dungeon (6/15)             Temple (0/1) D:4

Altars:
Dithmenos
Nemelex Xobeh
Trog
Vehumet
Jiyva

Shops:
D:5 *

Annotations:
D:6 Duvessa


Innate Abilities, Weirdness & Mutations

Your serpentine skin is tough. (AC +2)
You have supernaturally acute eyesight. (SInv)
Armour fits poorly on your strangely shaped body.
Your system is resistant to poisons. (rPois)
You cover ground very slowly.
You can spit poison.
You have a snake-like lower body.
You possess an exceptional clarity of mind.
Armour fits poorly on your pseudopods.
Your translucent skin reduces your foes' accuracy. (Stealth+)
You have a small jelly attached to you that may absorb projectiles.
You passively dampen the noise of your surroundings.


Message History

* * * LOW HITPOINT WARNING * * *
The ufetubus barely misses you.
Unknown command.
As you read the scroll labelled OCVOQACAEL, it crumbles to dust.
You feel strangely unstable.
It was a scroll of teleportation.
You block the ufetubus's attack. x2; You block Dowan's attack.
You block the ufetubus's attack. The ufetubus hits you.
* * * LOW HITPOINT WARNING * * *
Duvessa hits you with a +0 short sword.
* * * LOW HITPOINT WARNING * * *
The ufetubus barely misses you.
The ufetubus hits you but does no damage.
Unknown command.
Unknown command.
As you read the scroll labelled ZOODAUF CELEIL, it crumbles to dust.
It is a scroll of brand weapon.
Your +0 shortbow becomes incredibly heavy!
a - a +0 heavy shortbow You block the ufetubus's attack. x2
Dowan casts a spell at you. The puff of flame hits you!
* * * LOW HITPOINT WARNING * * *
You block Duvessa's attack. You block the ufetubus's attack.
The ufetubus closely misses you. The ufetubus hits you.
* * * LOW HITPOINT WARNING * * *
The ufetubus hits you.
* * * LOW HITPOINT WARNING * * *
Unknown command.
Okay, then.
You aren't carrying any potions.
You barely miss Duvessa.
Duvessa is severely wounded.
You slash the ufetubus! You freeze the ufetubus.
You kill the ufetubus!
You hit the ufetubus. You freeze the ufetubus. You hit Dowan. You freeze Dowan.
You kill Dowan!
Duvessa screams, "No!
How DARE you!"
Duvessa goes berserk!
You block Duvessa's attack.
You block the ufetubus's attack. x2; Duvessa hits you with a +0 short sword!
You die...

#...... ..........
#...... #........
#...... #........
##..... #......
##.... #......
##... #....## ##..
#..e.5# ##. #@.#
#.. ##)## ##..
#..# ###...
#..#########.....
##..รท............
#..........###...
##..####...## ###.
##...###...## ##
###.........## #


You could see Duvessa (berserk) and an ufetubus.

Vanquished Creatures
  2 black bears
  An ogre (D:6)
  2 scorpions (D:4)
  Dowan (D:6)
  2 bombardier beetles (D:5)
  A sleepcap (D:5)
  An iguana (D:6)
  7 gnolls
  5 adders
  7 ufetubi
  A ribbon worm (D:2)
  A dart slug (D:3)
  8 orcs
  2 endoplasms (D:1)
  2 giant cockroaches
  4 goblins
  3 hobgoblins
  2 jackals (D:5)
  3 kobolds
  3 quokkas
  13 ball pythons
  6 bats
  A frilled lizard (D:1)
  5 rats
83 creatures vanquished.

Vanquished Creatures (others)
  A black bear (D:5)
  An ogre (D:4)
  A bullfrog (D:6)
  2 jellies
  An orc priest (D:4)
  An iguana (D:4)
  4 adders
  A white imp (D:5)
  6 orcs (D:4)
  2 ball pythons
  An endoplasm (D:4)
  4 goblins
  5 hobgoblins (D:4)
  A jackal (D:5)
  3 kobolds
  A bat (D:2)
  A frilled lizard (D:3)
  A rat (D:2)
37 creatures vanquished.

Grand Total: 120 creatures vanquished

Notes
Turn   | Place    | Note
-------+----------+-------------------------------------------
     0 | D:1      | spaghetti the Naga Hunter began the quest for the Orb.
     0 | D:1      | Reached XP level 1. HP: 19/19 MP: 1/1
   124 | D:1      | Reached skill level 4 in Ranged Weapons
   124 | D:1      | Reached XP level 2. HP: 26/26 MP: 2/2
   138 | D:1      | Found a faded altar of an unknown god.
   151 | D:1      | Prayed at the altar of an unknown god.
   151 | D:1      | Became a worshipper of Jiyva Jyseq the Shapeless
   151 | D:1      | Reached * piety under Jiyva
   322 | D:1      | Reached ** piety under Jiyva
   732 | D:2      | Reached XP level 3. HP: 32/32 MP: 3/3
  1057 | D:2      | Identified the +6 war axe "Zezyfej" {freeze, rCorr}
  1420 | D:3      | Found a radiant altar of Vehumet.
  1629 | D:3      | Reached skill level 5 in Ranged Weapons
  1800 | D:3      | Reached XP level 4. HP: 39/39 MP: 4/4
  1831 | D:3      | Reached *** piety under Jiyva
  2137 | D:4      | Noticed a scorpion
  2148 | D:4      | Killed an ogre
  2149 | D:4      | Killed a scorpion
  2150 | D:4      | Reached XP level 5. HP: 14/45 MP: 5/5
  2206 | D:4      | Found a staircase to the Ecumenical Temple.
  2260 | D:4      | Noticed a black bear
  2270 | D:4      | Killed a black bear
  2271 | D:4      | Reached skill level 6 in Ranged Weapons
  2271 | D:4      | Reached XP level 6. HP: 43/52 MP: 6/6
  2358 | D:4      | Gained mutation: You passively dampen the noise of your
                  | surroundings. [Jiyva's grace]
  2358 | D:4      | Gained mutation: Armour fits poorly on your pseudopods.
                  | [Jiyva's grace]
  2358 | D:4      | Gained mutation: Armour fits poorly on your large
                  | pseudopods. [Jiyva's grace]
  2358 | D:4      | Gained mutation: Armour fits poorly on your massive
                  | pseudopods. [Jiyva's grace]
  2413 | D:4      | Reached **** piety under Jiyva
  2673 | D:4      | Found a bloodstained altar of Trog.
  2932 | D:5      | Entered Level 5 of the Dungeon
  2983 | D:5      | Identified the +5 tower shield of Bukuj {Fly Will+ Dex+4}
  3140 | D:5      | Reached skill level 1 in Shields
  3273 | D:5      | Found a shadowy altar of Dithmenos.
  3359 | D:5      | Found Biemm's General Store.
  3385 | D:5      | Reached ***** piety under Jiyva
  3401 | D:5      | Killed a black bear
  3543 | D:5      | Reached XP level 7. HP: 55/60 MP: 7/7
  4012 | D:6      | Found a sparkling altar of Nemelex Xobeh.
  4081 | D:6      | Lost mutation: Armour fits poorly on your massive
                  | pseudopods. [Jiyva's grace]
  4081 | D:6      | Lost mutation: Armour fits poorly on your large pseudopods.
                  | [Jiyva's grace]
  4081 | D:6      | Gained mutation: You have a small jelly attached to you
                  | that may absorb projectiles. [Jiyva's grace]
  4081 | D:6      | Gained mutation: You possess an exceptional clarity of
                  | mind. [Jiyva's grace]
  4081 | D:6      | Gained mutation: Your translucent skin slightly reduces
                  | your foes' accuracy. (Stealth+) [Jiyva's grace]
  4081 | D:6      | Gained mutation: Your translucent skin reduces your foes'
                  | accuracy. (Stealth+) [Jiyva's grace]
  4330 | D:6      | Noticed Duvessa
  4330 | D:6      | Noticed Dowan
  4341 | D:6      | HP: 2/60 [ufetubus (2)]
  4342 | D:6      | Killed Dowan
  4342 | D:6      | Mangled by Duvessa

Illustrated notes

Levels and vault maps discovered:
D:1:      dpeg_arrival_boxes_within_box, layout_rooms,
          ebering_ecumenical_altar_box, kennysheep_doodads, nicolae_eternal_life
D:2:      layout_loops_ring
D:3:      layout_basic, vehumet_crystals
D:4:      layout_basic, trog_hazing_becter, minmay_temple_entry_arrows
D:5:      layout_basic, nicolae_overflow_hidden_temple, serial_shops,
          nicolae_shop_behind_doors, minivault_25
D:6:      layout_cave_pods, mainiacjoe_overflow_catwalk, uniq_grinder,
          uniq_duvessa, uniq_edmund

Skill      XL: |  1  2  3  4  5  6  7 |
---------------+----------------------+-----
Ranged Weapons | 4 5 6 |  6.9
Shields        | 2 4 |  4.4
Fighting       | |  2.0
Dodging        | |  1.5
Stealth        | |  1.5

Action                     |  1- 3 |  4- 6 |  7- 9 || total
---------------------------+-------+-------+-------++-------
  Melee: War axe           |       |    24 |    25 ||    49
         Pseudopods        |       |     1 |     8 ||     9
   Fire: Shortbow          |   120 |    52 |       ||   172
Ability: Spit Poison       |       |     9 |     9 ||    18
    Use: Potion            |     2 |       |     1 ||     3
         Scroll            |     1 |     1 |     2 ||     4
 Armour: Leather armour    |    40 |    34 |    33 ||   107
  Dodge: Dodged            |    26 |    11 |     9 ||    46
  Block: Other             |     4 |     7 |       ||    11
         Tower shield      |       |    21 |    50 ||    71
         Reflection        |       |       |     1 ||     1
